Map: Newkirk Precinct TE (Void)

Players

Musumeci - Winner!

  • Race: Zerg Zerg
  • League: Diamond
  • Spawn Location: 7:00

Jamesking

  • Race: Terran Terran
  • League: Diamond
  • Spawn Location: 5:00

VOD

Have the link to the VOD?

Description

Time

  • Played on: April 2, 2017, 10:52 a.m.
  • Length: 16:36
Show
View Real Time Build Order
Export as new Build Order

Musumeci Zerg - Winner!

Build Orders: Hatch First 

Get SALT Encoding   

  12  0:01  Drone  
  13  0:08  Drone  
  14  0:15  Drone, Extractor  
  15  0:41  Hatchery  
  14  0:44  Extractor  
  14  0:45  Drone  
  15  1:03  Spawning Pool  
  15  1:04  Extractor  
  13  1:06  Drone  
  14  1:11  Extractor  
  14  1:13  Drone  
  16  1:18  Overlord  
  16  1:37  Drone x2  
  16  1:39  Drone  
  19  1:52  Queen, Drone  
  22  1:54  Queen  
  22  1:58  Drone  
  25  2:04  Overlord  
  25  2:07  Drone  
  26  2:17  Drone  
  27  2:27  Queen  
  29  2:30  Queen  
  29  2:36  Extractor  
  30  2:44  Drone x5  
  36  2:51  Extractor  
  36  2:52  Drone  
  36  3:08  Overlord  
  36  3:09  Overlord  
  36  3:17  Extractor  
  36  3:18  Drone x2, Extractor  
  36  3:19  Roach Warren  
  35  3:22  Drone  
  35  3:25  Hatchery  
  36  3:34  Drone x5  
  40  3:41  Evolution Chamber  
  40  3:46  Evolution Chamber  
  38  3:48  Evolution Chamber  
  37  3:56  Drone x6  
  43  4:07  Drone x4  
  48  4:14  Overlord x2  
  48  4:21  Roach  
  50  4:27  Roach  
  52  4:32  Roach  
  52  4:33  Roach x3  
  60  4:42  Roach x3  
  66  4:49  Overlord x3  
  66  4:59  Drone, Spore Crawler  
  66  5:00  Spore Crawler  
  66  5:02  Spore Crawler  
  66  5:03  Lair  
  64  5:10  Overlord  
  64  5:11  Overlord  
  64  5:12  Overlord  
  64  5:13  Overlord  
  64  5:16  Overlord  
  64  5:25  Roach x3  
  70  5:49  Roach x3  
  76  5:50  Drone  
  76  5:51  Drone x10  
  87  6:05  Drone x6  
  93  6:11  Extractor, Zerg Missile Weapons Level 1, Zerg Ground Armor Level 1  
  92  6:20  Extractor  
  92  6:22  Drone  
  92  6:23  Drone  
  93  6:28  Extractor  
  93  6:30  Extractor  
  91  6:35  Roach x5  
  101  6:46  Drone x3  
  104  6:47  Drone x2  
  104  6:48  Drone  
  107  6:58  Ravager  
  107  6:59  Ravager x2  
  110  7:03  Drone x7  
  117  7:16  Spore Crawler x2  
  115  7:27  Drone x3  
  118  7:31  Hatchery, Roach x6  
  118  7:36  Overlord  
  129  7:39  Overlord  
  129  7:56  Roach x4  
  129  7:58  Overlord x8  
  137  8:03  Glial Reconstitution  
  137  8:15  Roach x4  
  137  8:18  Roach x7  
  159  8:24  Ravager x4  
  159  8:26  Ravager x3  
  166  8:31  Zerg Missile Weapons Level 2  
  166  8:37  Zerg Ground Armor Level 2  
  166  8:40  Roach  
  166  8:41  Roach  
  170  8:43  Drone x3  
  170  8:44  Drone x8  
  181  8:55  Extractor  
  180  9:01  Extractor  
  181  9:02  Roach  
  181  9:03  Roach x5  
  191  9:15  Ravager  
  191  9:16  Ravager x4  
  196  9:29  Roach x2  
  200  9:36  Infestation Pit  
  195  10:02  Tunneling Claws  
  195  10:05  Burrow  
  195  10:12  Roach x2  
  172  11:16  Roach x14  
  174  11:24  Roach x2  
  170  11:32  Roach x2  
  171  11:33  Roach x19  
  171  11:36  Roach x2  
  199  11:41  Roach, Ravager  
  198  12:07  Ravager x3  
  198  12:08  Ravager x9  
  200  12:16  Roach x2  
  200  12:24  Hive  
  200  12:28  Roach  
  200  12:32  Roach x2  
  200  12:33  Roach x2  
  200  12:34  Roach x4  
  200  12:41  Extractor  
  200  12:42  Hatchery  
  198  12:45  Extractor  
  187  13:14  Roach  
  187  13:15  Roach x3  
  171  13:40  Roach x9  
  171  13:41  Roach x13  
  200  13:47  Ravager x2  
  196  13:52  Roach x3  
  188  14:10  Roach  
  188  14:11  Roach  
  188  14:12  Roach x2  
  188  14:13  Roach x2  
  184  14:21  Roach x9  
  200  14:36  Roach x4  
  186  14:40  Roach x3  
  186  14:43  Roach x13  
  160  14:57  Ravager x8  
  160  14:58  Ravager x5  
  161  15:15  Roach x12  
  161  15:17  Ravager x11  
  196  15:27  Roach x2  
  196  15:29  Roach x3  
  185  15:51  Roach x3  
  183  16:03  Roach  
  179  16:05  Roach  
  179  16:06  Roach x9  
  199  16:13  Hatchery  
  199  16:14  Extractor  
  199  16:15  Extractor  
Show
View Real Time Build Order
Export as new Build Order

Jamesking Terran 

Build Orders: Reaper Expand, Bio Tank 

Get SALT Encoding   

  12  0:00  SCV  
  13  0:13  SCV  
  14  0:18  Supply Depot  
  14  0:25  SCV  
  15  0:39  SCV  
  15  0:40  Barracks  
  16  0:44  Refinery  
  16  0:51  SCV  
  17  1:03  SCV  
  18  1:15  SCV  
  19  1:27  Reaper  
  19  1:28  Orbital Command  
  20  1:44  Command Center  
  20  1:54  SCV  
  21  1:59  Barracks  
  21  2:06  SCV  
  21  2:07  Barracks Reactor  
  22  2:12  Supply Depot  
  22  2:18  SCV  
  23  2:32  Refinery  
  23  2:37  Factory  
  23  2:43  SCV, Marine  
  23  2:44  Marine  
  25  2:47  Barracks Tech Lab  
  26  2:55  SCV  
  26  3:01  Marine  
  27  3:07  SCV, Marine  
  27  3:08  Stimpack  
  27  3:09  Marine  
  27  3:12  Orbital Command  
  30  3:19  SCV  
  31  3:29  Marine x3  
  31  3:30  Factory Reactor  
  34  3:35  Starport  
  34  3:40  SCV x2  
  36  3:48  Marine  
  36  3:49  Marine  
  36  3:50  Marine  
  36  3:52  SCV  
  36  3:53  SCV  
  40  4:05  SCV x2  
  40  4:06  Marine  
  40  4:07  Marine  
  44  4:11  Marine  
  44  4:12  Supply Depot  
  44  4:15  Supply Depot  
  45  4:24  SCV  
  46  4:27  Factory Reactor  
  46  4:33  Marine x3, Medivac x2  
  46  4:34  SCV  
  46  4:36  Bunker  
  54  4:42  Supply Depot  
  54  4:43  SCV  
  55  4:51  Marine x3  
  58  4:58  Engineering Bay  
  58  4:59  Engineering Bay  
  58  5:01  SCV  
  58  5:02  SCV  
  60  5:07  Supply Depot x2  
  60  5:09  Marine, Combat Shields  
  60  5:12  Refinery  
  60  5:13  SCV  
  62  5:16  Marine x2  
  62  5:17  Widow Mine  
  62  5:21  SCV  
  67  5:29  SCV  
  67  5:30  Terran Infantry Weapons Level 1  
  67  5:31  Terran Infantry Armor Level 1  
  67  5:33  SCV, Marine  
  70  5:41  SCV  
  71  5:55  Marine  
  71  5:56  Widow Mine x2, Marine x2  
  78  5:59  SCV x2  
  80  6:05  Command Center  
  80  6:11  SCV  
  80  6:12  Supply Depot  
  80  6:13  SCV, Marine x3  
  85  6:19  Refinery  
  85  6:22  Supply Depot  
  85  6:23  SCV  
  86  6:31  Marine x3  
  89  6:34  SCV  
  89  6:35  SCV  
  89  6:36  Armory  
  91  6:43  Factory  
  91  6:46  Supply Depot  
  92  6:49  Marine x2  
  93  6:56  Barracks  
  93  6:57  Barracks  
  90  7:07  Concussive Shells, Marine  
  92  7:09  Marauder  
  92  7:12  SCV x2  
  95  7:25  SCV  
  95  7:27  Factory Tech Lab  
  95  7:28  SCV  
  97  7:31  Supply Depot  
  97  7:32  Terran Infantry Weapons Level 2, Terran Infantry Armor Level 2  
  97  7:35  Terran Vehicle Weapons Level 1  
  97  7:38  SCV  
  97  7:40  Factory Tech Lab  
  98  7:44  Orbital Command  
  98  7:47  Siege Tank  
  98  7:48  Barracks Tech Lab x2  
  101  7:53  Marine  
  101  7:54  Marine x2  
  104  8:05  Viking  
  106  8:09  Marauder  
  106  8:10  Marauder  
  106  8:11  Marine x2  
  106  8:12  Marauder, SCV  
  115  8:13  SCV x2  
  115  8:15  Siege Tank  
  115  8:19  Refinery x2  
  120  8:29  Marine x2  
  120  8:30  Marauder, Siege Tank  
  120  8:31  Marauder  
  129  8:41  Marauder  
  131  8:42  SCV  
  131  8:44  SCV  
  131  8:47  Marine x2, Siege Tank  
  138  8:51  Marine  
  138  8:53  Supply Depot  
  139  8:58  Marine, Command Center  
  139  8:59  Supply Depot  
  139  9:01  Supply Depot  
  139  9:07  Siege Tank  
  141  9:17  Marine  
  141  9:19  Marauder x3, Siege Tank  
  141  9:23  SCV  
  152  9:26  SCV, Supply Depot  
  152  9:27  Supply Depot  
  152  9:29  Supply Depot  
  153  9:40  Sensor Tower, Siege Tank  
  153  9:43  Marauder x2  
  160  9:47  Marauder  
  160  9:48  Marine  
  160  9:51  Siege Tank  
  166  10:02  Supply Depot  
  166  10:12  Marauder  
  166  10:13  Marauder x2, Marine  
  173  10:22  Terran Infantry Weapons Level 3  
  173  10:25  Supply Depot  
  173  10:26  Terran Infantry Armor Level 3  
  173  10:33  Marine x2  
  173  10:34  Marauder, Marine x2  
  179  10:48  Supply Depot  
  173  10:52  Marine x3  
  173  10:57  Supply Depot  
  173  11:04  Siege Tank x2  
  165  11:36  Planetary Fortress, Siege Tank  
  165  11:39  Marine x2  
  171  11:41  Marauder x3  
  176  11:49  Missile Turret  
  162  12:09  SCV x2  
  162  12:10  SCV  
  165  12:19  SCV  
  165  12:21  SCV  
  167  12:23  SCV  
  167  12:24  SCV, Marine x4  
  167  12:26  Sensor Tower  
  167  12:27  Siege Tank  
  167  12:28  Missile Turret  
  167  12:29  Missile Turret  
  176  12:31  SCV  
  176  12:33  SCV, Missile Turret  
  176  12:35  SCV, Siege Tank  
  176  12:36  Marine  
  183  12:47  Marine  
  184  12:53  Marine  
  184  12:57  SCV  
  178  12:59  Siege Tank  
  178  13:03  SCV  
  178  13:04  Missile Turret  
  186  13:05  Marauder x2  
  186  13:06  Widow Mine, SCV  
  186  13:12  Marine  
  189  13:13  SCV  
  184  13:39  Marine  
  184  13:40  Marine x4  
  176  13:49  Medivac x2  
  179  13:57  Marine  
  179  13:58  Marine x4  
  172  14:15  Marine, Siege Tank x2  
  172  14:16  Marine x2  
  175  14:19  Medivac  
  175  14:22  Marine x2  
  169  14:32  Marine  
  169  14:33  Marine  
  169  14:34  Marine  
  142  14:40  Marine  
  127  14:46  Marine  
  127  14:47  Siege Tank x2  
  127  14:50  Marine  
  114  14:53  Marine  
  106  15:10  Marine  
  106  15:12  Marine  
  100  15:18  Marine  
  100  15:19  Siege Tank  
  104  15:32  Orbital Command  
  96  15:38  Marine  
  96  15:42  Marine  
  90  15:44  Marine  
  88  16:00  Marine x2  
  88  16:02  Orbital Command  
  89  16:10  Missile Turret  
  89  16:17  SCV  
Tags
 
Add a new tag
Caveats
  • Supply blocks, unpowered buildings, or Contaminate may cause inaccurate times.
  • Supply counts are checked every 10 seconds.